 Dungeon Crawl Stone Soup version 0.31-a0-233-g139696dc86 (webtiles) character file.

Game seed: 17891382325380736286

93 qw the Shooter (level 4, 0/36 HPs)
             Began as a Minotaur Hexslinger on July 8, 2023.
             Slain by an endoplasm (3 damage)
             ... on level 2 of the Dungeon.
             The game lasted 00:00:30 (1166 turns).

qw the Shooter (Minotaur Hexslinger)                Turns: 1166, Time: 00:00:31

Health: 0/36       AC:  2    Str: 12    XL:     4   Next: 37%
Magic:  4/4        EV: 12    Int: 10    God:
Gold:   73         SH:  0    Dex: 15    Spells: 4/5 levels left

rFire   . . .        Y - +1 sling
rCold   . . .        (no shield)
rNeg    . . .        c - +0 robe
rPois   .            (helmet restricted)
rElec   .            (no cloak)
rCorr   .            (no gloves)
SInv    .            (no boots)
Will    .....        (no amulet)
Stlth   +            (no ring)
HPRegen 0.26/turn    (no ring)
MPRegen 0.09/turn

%: no passive effects
@: no status effects
A: horns 2, retaliatory headbutt
a: no special abilities


You were on level 2 of the Dungeon.
You visited 1 branch of the dungeon, and saw 2 of its levels.

You collected 73 gold pieces.


Innate Abilities, Weirdness & Mutations

You have a pair of horns on your head.
You reflexively headbutt those who attack you in melee.


   Skills:
 - Level 2.0 Fighting
 + Level 4.9 Ranged Weapons
 - Level 2.1 Dodging
 - Level 1.0 Spellcasting
 - Level 2.0 Hexes


You had 4 spell levels left.
You knew the following spells:

 Your Spells              Type           Power      Damage    Failure   Level
a - Slow                  Hex            16%        N/A       16%         1

Your spell library contained the following spells:

 Spells                   Type           Power      Damage    Failure   Level
 Inner Flame              Hex/Fire       2%         N/A       56%         3
 Portal Projectile        Hex/Tloc       4%         N/A       56%         3
 Cause Fear               Hex            2%         N/A       83%         4

Inventory:

Hand Weapons
 Y - a +1 sling (weapon)
Armour
 c - a +0 robe (worn)
Jewellery
 a - an amulet of the acrobat
 g - a ring of wizardry
Scrolls
 b - a scroll of immolation {unknown}
 f - a scroll of identify
Potions
 d - a potion of degeneration {unknown}
 e - a potion of lignification {unknown}

Dungeon Overview and Level Annotations

Branches:
Dungeon (2/15)

Altars:


Message History

You shoot a sling bullet.
The sling bullet barely misses the hound.
The hound bites you but does no damage. The hound bites you.
You shoot a sling bullet. The sling bullet hits the hound!
The hound is almost dead.
The hound bites you but does no damage. x2
You shoot a sling bullet. The sling bullet hits the hound!
You kill the hound!
You have reached level 4!
You feel agile.
You shoot a sling bullet. The sling bullet hits the kobold.
You kill the kobold!
You shoot a sling bullet. The sling bullet hits the worm.
The worm is moderately wounded.
The worm bites you!
You shoot a sling bullet. The sling bullet hits the worm!
The worm is severely wounded.
You shoot a sling bullet.
The sling bullet barely misses the worm.
The worm bites you.
You shoot a sling bullet. The sling bullet hits the worm.
The worm is severely wounded.
The worm bites you!
You shoot a sling bullet.
The sling bullet completely misses the worm.
The worm bites you!
You shoot a sling bullet. The sling bullet hits the worm.
The worm is heavily wounded.
You shoot a sling bullet. The sling bullet hits the worm.
The worm is severely wounded.
The worm closely misses you.
You shoot a sling bullet. The sling bullet hits the worm.
You kill the worm!
You shoot a sling bullet.
The sling bullet barely misses the endoplasm.
The endoplasm freezes you.
You are frozen.
You shoot a sling bullet.
The sling bullet hits the endoplasm but does no damage.
The endoplasm hits you.
You die...

.........##%##.##
.#####[..#...#..# .#
#..#######.#####
#..#.....#.....#
#..%.....#..##.# .#
#.#########)##.#####
.# #.#
....|%#.##...).# ##
#.# ......J.######.#
#.# #@# #.# ####.##
##.# #.# ###.....+
#..# #.# ........#
#.## #.#
###.....#######.#
#.# #
#......#...#..# #.#
###......##.##.##
#.# ...####...#'#..#
#.# ##.# .#.%.%..#
#.#


You could see an endoplasm.

Vanquished Creatures
  A hound (D:2)
  An adder (D:2)
  A worm (D:2)
  2 endoplasms (D:2)
  4 giant cockroaches
  9 goblins
  4 hobgoblins (D:1)
  9 jackals
  2 kobolds
  3 ball pythons (D:1)
  6 bats
  A frilled lizard (D:1)
  A rat (D:1)
44 creatures vanquished.

Notes
Turn   | Place    | Note
-------+----------+-------------------------------------------
     0 | D:1      | qw the Minotaur Hexslinger began the quest for the Orb.
     0 | D:1      | Reached XP level 1. HP: 16/16 MP: 1/1
     0 | D:1      | 0 ||| qw: Version: 0.3-a-46-gb1f654a
     0 | D:1      | 0 ||| qw: Game counter: 3685
     0 | D:1      | 0 ||| qw: Melee chars always use a shield: true
     0 | D:1      | 0 ||| qw: God list: Okawaru
     0 | D:1      | 0 ||| qw: Allow faded altars: false
     0 | D:1      | 0 ||| qw: Do Orc after clearing Dungeon:15 true
     0 | D:1      | 0 ||| qw: Do second Lair branch before Depths: true
     0 | D:1      | 0 ||| qw: Lair rune preference: random
     0 | D:1      | 0 ||| qw: Goals: Normal
     0 | D:1      | 0 ||| PLANNING D:1-11
   130 | D:1      | Reached skill level 3 in Ranged Weapons
   164 | D:1      | Reached XP level 2. HP: 23/23 MP: 2/2
   298 | D:1      | HP: 4/24 [goblin/+0 club (4)]
   790 | D:1      | Reached XP level 3. HP: 15/29 MP: 3/3
   849 | D:1      | 849 ||| READING scroll labelled CAOPTIESHE.
   850 | D:1      | 850 ||| READING 2 scrolls labelled MAICYE NERERGH.
   851 | D:1      | 851 ||| READING scroll labelled ZOEWEAD CUVOU.
   852 | D:1      | 852 ||| DROPPING scroll of poison.
   853 | D:1      | 853 ||| DROPPING scroll of noise.
  1031 | D:2      | Reached skill level 4 in Ranged Weapons
  1156 | D:2      | Reached XP level 4. HP: 32/36 MP: 4/4
  1161 | D:2      | HP: 3/36 [worm (10)]
  1166 | D:2      | Slain by an endoplasm

Levels and vault maps discovered:
D:1:      amcnicky_arrival_choice, layout_loops_ring
D:2:      layout_loops_ring, minmay_divided_ellipse, uniq_natasha, uniq_robin

Skill      XL: |  1  2  3 |
---------------+----------+-----
Ranged Weapons | 3 4 |  4.9
Fighting       | 2 |  2.0
Dodging        | |  2.1
Spellcasting   | |  1.0
Hexes          | |  2.0

Action                     |  1- 3 |  4- 6 || total
---------------------------+-------+-------++-------
   Fire: Sling             |   132 |    11 ||   143
    Use: Scroll            |     3 |       ||     3
 Armour: Robe              |    20 |       ||    20
  Dodge: Dodged            |    49 |     1 ||    50

Table legend:
 A = Non-vault XP
 B = Vault XP
 C = Vault XP percentage of total XP
 D = Non-vault monster count
 E = Vault monster count
 F = Vault count percentage of total count
                 A         B        C        D         E       F
            +---------+---------+-------+---------+---------+-------
      Total |      62 |      72 |  53.7 |      34 |      10 |  22.7
            +---------+---------+-------+---------+---------+-------
        D:1 |      42 |       0 |   0.0 |      24 |       0 |   0.0
        D:2 |      20 |      72 |  78.3 |      10 |      10 |  50.0
            +---------+---------+-------+---------+---------+-------
